AoeStats
← 南瓜太郎

Arabia

504083067Analyzed
1v1 RM · 27d ago on Sep 3, 2026· 20m 1s· 2 players
Game mode
Random Map
Map size
Tiny (2 player)
Population
200
Speed
Normal
Resources
Standard
Victory
Conquest
Starting age
Dark Age
Ending age
Imperial Age
RankedLock teamsTeams togetherTeam positionsShared explorationLock speedFull tech treeHidden civsTurbo modeCheats
Victory
Defeat
🇨🇴 Japanese · Colombia
1122
+16
🇨🇳 Tatars · China
1114
-16
南瓜太郎
5:38 Loom
8:58 Feudal Age
12:07 Fletching
19:35 Scale Barding Armor
Ux'CadaHB
6:41 Loom
9:16 Feudal Age
9:39 Man-at-Arms
12:15 Fletching
16:24 Padded Archer Armor
16:27 Double-Bit Axe
Connection lost

Rejoining the realm…

Still unreachable

The connection could not be restored.

Session expired

The server has moved on; the page needs a fresh start.